AoeStats
← ianxpresso

Oasis

510184055Analyzed
4v4 RM · 4d ago on Sep 29, 2026· 74m 18s· 8 players
Game mode
Random Map
Map size
Large (8 player)
Population
200
Speed
Normal
Resources
Standard
Victory
Conquest
Starting age
Dark Age
Ending age
Imperial Age
RankedLock teamsTeams togetherTeam positionsShared explorationLock speedFull tech treeHidden civsTurbo modeCheats
Victory
Defeat
🇳🇱 Japanese · Netherlands
839
+15
🇦🇷 Magyars · Argentina
819
+16
🇳🇱 Varangians · Netherlands
813
+17
🇵🇪 Inca · Peru
761
+19
🇪🇸 Berbers · Spain
874
-19
🇬🇧 Portuguese · United Kingdom
861
-18
🇺🇸 Malay · United States
786
-15
🇮🇹 Britons · Italy
778
-15
Usurpador
0:27 Loom
11:39 Feudal Age
12:32 Double-Bit Axe
12:29 Horse Collar
17:18 Wheelbarrow
19:37 Castle Age
24:27 Bow Saw
25:10 Gold Mining
25:11 Stone Mining
29:11 Heavy Plow
29:37 Corvinian Army
30:58 Caravan
31:43 Gold Shaft Mining
32:20 Hand Cart
37:00 Imperial Age
35:13 Bloodlines
35:03 Husbandry
35:11 Scale Barding Armor
35:30 Ballistics
35:08 Fletching
35:19 Padded Archer Armor
37:21 Chain Barding Armor
36:57 Bodkin Arrow
37:03 Scale Mail Armor
37:19 Leather Archer Armor
36:49 Treadmill Crane
37:05 Murder Holes
37:36 Thumb Ring
37:02 Pikeman
37:27 Arson
37:14 Heavy Cavalry Archer
38:20 Parthian Tactics
37:57 Recurve Bow
38:19 Conscription
40:59 Halberdier
42:48 Chemistry
41:51 Bracer
42:23 Ring Archer Armor
44:39 Plate Barding Armor
45:31 Elite Magyar Huszar
54:33 Two-Man Saw
54:06 Crop Rotation
54:49 Town Watch
63:17 Sappers
67:43 Masonry
67:40 Siege Engineers
67:26 Heated Shot
primeyy1997
7:54 Loom
13:14 Feudal Age
13:40 Double-Bit Axe
13:37 Horse Collar
19:51 Castle Age
23:41 Forging
28:49 Caravan
30:41 Scale Barding Armor
30:52 Bow Saw
30:35 Gold Mining
31:40 Wheelbarrow
32:43 Hand Cart
37:05 Imperial Age
37:20 Iron Casting
38:43 Elite Jarl
45:29 Ballistics
45:23 Fortified Wall
47:12 Blast Furnace
46:33 Chain Barding Armor
50:10 Plate Barding Armor
49:21 Elite Varangian Guard
50:03 Squires
49:49 Gambesons
51:19 Arson
53:50 Conscription
53:57 Gothikon
54:57 Stone Mining
55:14 Heavy Plow
56:20 Two-Man Saw
fadul2105
5:48 Loom
12:28 Feudal Age
14:20 Champi Runner
18:32 Double-Bit Axe
21:10 Forging
23:49 Castle Age
26:15 Fletching
28:02 Wheelbarrow
26:59 Champi Warrior
29:53 Squires
29:39 Arson
31:14 Horse Collar
33:42 Iron Casting
34:41 Pikeman
38:41 Scale Mail Armor
39:21 Bow Saw
40:28 Gold Mining
45:48 Gold Shaft Mining
45:51 Heavy Plow
49:45 Hand Cart
55:36 Imperial Age
55:56 Capped Ram
56:35 Elite Champi Warrior
57:03 Siege Ram
61:42 Conscription
61:58 Chain Mail Armor
64:29 Blast Furnace
64:00 Plate Mail Armor
63:49 Elite Kamayuk
65:47 Crop Rotation
65:54 Caravan
66:21 Treadmill Crane
66:09 Halberdier
73:37 Fabric Shields
74:31 Siege Engineers
WaterfietsXL
0:36 Loom
13:28 Feudal Age
14:50 Man-at-Arms
24:48 Castle Age
23:22 Double-Bit Axe
23:30 Stone Mining
25:53 Bow Saw
25:32 Horse Collar
26:52 Elite Skirmisher
27:00 Long Swordsman
31:16 Heavy Plow
38:43 Imperial Age
36:54 Wheelbarrow
36:32 Gambesons
37:25 Caravan
37:25 Town Watch
39:20 Hand Cart
40:34 Chemistry
39:57 Conscription
39:09 Two-Handed Swordsman
40:48 Thumb Ring
42:14 Capped Ram
44:23 Elite Samurai
50:37 Cavalier
55:04 Husbandry
55:15 Bloodlines
58:04 Fletching
58:20 Scale Barding Armor
62:12 Onager
65:27 Chain Barding Armor
65:03 Bodkin Arrow
ianxpresso
9:55 Feudal Age
9:41 Double-Bit Axe
11:15 Loom
16:03 Castle Age
14:36 Horse Collar
15:58 Gold Mining
16:49 Wheelbarrow
19:35 Bow Saw
23:15 Scale Barding Armor
24:37 Hand Cart
25:42 Stone Mining
26:36 Heavy Plow
28:13 Husbandry
27:46 Pikeman
29:02 Forging
29:10 Caravan
32:14 Gold Shaft Mining
32:17 Stone Shaft Mining
34:02 Iron Casting
40:11 Imperial Age
39:14 Elite Battle Elephant
40:44 Elite Karambit Warrior
43:12 Fletching
43:23 Padded Archer Armor
44:32 Conscription
43:52 Elite Skirmisher
43:54 Elite Genitour
45:15 Bodkin Arrow
45:35 Leather Archer Armor
46:28 Bracer
47:11 Ballistics
46:47 Murder Holes
53:03 Cavalier
56:31 Ring Archer Armor
59:21 Thumb Ring
59:50 Halberdier
64:00 Light Cavalry
65:42 Blast Furnace
Carapenev420
3:30 Loom
11:44 Feudal Age
14:43 Man-at-Arms
18:12 Castle Age
17:59 Horse Collar
18:18 Double-Bit Axe
18:26 Gold Mining
18:53 Bloodlines
21:48 Wheelbarrow
20:59 Town Watch
22:50 Bow Saw
25:11 Heavy Plow
25:09 Stone Mining
27:54 Gold Shaft Mining
28:40 Hand Cart
32:20 Stone Shaft Mining
32:45 Kasbah
33:17 Scale Barding Armor
33:24 Forging
33:04 Fletching
34:27 Husbandry
35:10 Padded Archer Armor
35:31 Chain Barding Armor
35:47 Iron Casting
39:13 Imperial Age
37:53 Bodkin Arrow
39:18 Town Patrol
40:38 Plate Barding Armor
40:59 Ballistics
40:46 Siege Engineers
44:46 Crop Rotation
45:22 Blast Furnace
44:23 Bracer
44:38 Leather Archer Armor
43:46 Elite Camel Archer
44:27 Maghrebi Camels
44:48 Conscription
43:54 Heavy Camel Rider
43:55 Cavalier
44:05 Elite Genitour
44:57 Murder Holes
46:31 Caravan
47:50 Chemistry
46:54 Kasbah
48:57 Ring Archer Armor
57:34 Heavy Scorpion
~Giulia~
0:27 Loom
10:43 Feudal Age
11:22 Town Watch
11:23 Double-Bit Axe
14:20 Arson
14:24 Horse Collar
15:38 Fletching
21:51 Padded Archer Armor
25:40 Castle Age
24:35 Forging
24:43 Scale Mail Armor
24:43 Stone Mining
25:09 Gold Mining
25:42 Crossbowman
26:01 Elite Skirmisher
26:03 Pikeman
27:39 Bodkin Arrow
29:43 Wheelbarrow
30:30 Wheelbarrow
31:23 Wheelbarrow
31:56 Murder Holes
35:24 Imperial Age
33:46 Bow Saw
34:05 Heavy Plow
35:17 Gold Shaft Mining
35:25 Leather Archer Armor
36:27 Warwolf
36:54 Conscription
37:03 Chain Mail Armor
37:25 Treadmill Crane
38:06 Ballistics
37:28 Treadmill Crane
39:40 Bracer
40:12 Ring Archer Armor
41:02 Masonry
41:06 Gambesons
41:22 Squires
43:29 Iron Casting
43:26 Plate Mail Armor
Brido1970
9:46 Loom
12:30 Feudal Age
14:37 Double-Bit Axe
21:24 Castle Age
20:30 Fletching
23:40 Padded Archer Armor
23:51 Forging
23:34 Horse Collar
26:19 Gold Mining
29:06 Bow Saw
31:10 Heavy Plow
35:04 Iron Casting
34:35 Scale Barding Armor
37:05 Wheelbarrow
37:23 Caravan
41:57 Imperial Age
39:55 Bodkin Arrow
41:16 Chain Barding Armor
43:36 Bloodlines
44:59 Blast Furnace
44:52 Conscription
44:44 Cavalier
47:16 Plate Barding Armor
46:42 Bracer
48:01 Two-Man Saw
50:04 Scale Mail Armor
50:12 Pikeman
51:11 Chain Mail Armor
51:55 Husbandry
51:27 Halberdier
54:02 Plate Mail Armor
56:15 Ballistics
56:56 Chemistry
56:37 Leather Archer Armor
56:40 Masonry
57:47 Arquebus
57:19 Elite Organ Gun
60:38 Guard Tower
61:09 Bombard Tower
61:23 Ring Archer Armor
63:19 Hand Cart
69:52 Murder Holes
Connection lost

Rejoining the realm…

Still unreachable

The connection could not be restored.

Session expired

The server has moved on; the page needs a fresh start.